 Dungeon Crawl Stone Soup version 0.17-a0-1409-ge6d9485 (webtiles) character file.

825 wvc the Covered (level 7, -1/56 HPs)
             Began as a Mummy Wanderer on June 22, 2015.
             Slain by a wyvern zombie (8 damage)
             ... on level 5 of the Dungeon.
             The game lasted 00:09:58 (3779 turns).

wvc the Covered (Mummy Wanderer)                    Turns: 3779, Time: 00:09:58

Health: -1/56      AC: 10    Str: 17    XL:     7   Next: 64%
Magic:  7/7        EV: 12    Int: 12    God:
Gold:   414        SH:  0    Dex: 11    Spells: 0 memorised, 6 levels left

rFire  x . .     SeeInvis .     a - +2 hand crossbow
rCold  + . .     Clarity  .     g - +0 ring mail
rNeg   + + +     SustAt   .     (no shield)
rPois  ∞         Gourm    .     t - +0 hat
rElec  .         Spirit   .     o - +0 cloak
rCorr  .         Warding  .     (no gloves)
rMut   .         Stasis   .     j - +2 pair of boots
MR     .....                    (no amulet)
Stlth  +.........               (no ring)
                                f - ring of flight

@: not resistant to hostile enchantments, very unstealthy
A: no food or potions, fire vulnerability, cold resistance 1, negative energy
resistance 3, torment resistance, unbreathing
a: Evoke Flight


You were on level 5 of the Dungeon.
You were not hungry.

You visited 1 branch of the dungeon, and saw 5 of its levels.
You also visited: Ossuary.

You collected 414 gold pieces.

Inventory:

Hand weapons
 a - a +2 hand crossbow (weapon)
 d - a +1 dagger of venom
 p - a +0 battleaxe
 q - a +0 spear
 s - a +0 flail
 u - a +0 blowgun
 w - a +0 long sword
Missiles
 b - 30 bolts (quivered)
 e - 2 javelins
 i - 27 poisoned needles
Armour
 g - a +0 ring mail (worn)
 j - a +2 pair of boots (worn)
 o - a +0 cloak (worn)
 t - a +0 hat (worn)
Jewellery
 f - a ring of flight (left hand)
Magical devices
 r - a wand of paralysis (13)
Scrolls
 c - 2 scrolls of teleportation
 h - 4 scrolls of magic mapping
 k - 3 scrolls of remove curse
 l - 2 scrolls of enchant armour
 m - 2 scrolls of immolation
 n - a scroll of fear
Books
 v - a book of Death

   Spells                             Type                      Level
   a - Corpse Rot                     Necromancy                   2
   b - Sublimation of Blood           Necromancy                   2
   c - Agony                          Necromancy                   5
   d - Dispel Undead                  Necromancy                   5
   e - Excruciating Wounds            Charms/Necromancy            5
   f - Bolt of Draining               Conjuration/Necromancy       5


   Skills:
 + Level 5.3 Fighting
 - Level 0.2 Short Blades
 - Level 2.4 Crossbows
 + Level 5.8 Armour
 + Level 3.4 Dodging
 - Level 1.0 Stealth
   Level 1.0 Shields


You had 6 spell levels left.
You didn't know any spells.

Dungeon Overview and Level Annotations

Branches:
Dungeon (5/15)
 Temple: D:4-7

Altars:
Kikubaaqudgha

Shops:
D:4 %


Innate Abilities, Weirdness & Mutations

You do not eat or drink.
Your flesh is vulnerable to fire.
You are immune to poison.
Your flesh is cold resistant.
You are immune to negative energy.
You are immune to unholy pain and torment.
You can survive without breathing.


Message History

You shoot a bolt. The bolt hits the wyvern zombie.
The wyvern zombie bites you but does no damage.
Firing (i - inventory. (,) - cycle):
b - 32 bolts (quivered)
Press: ? - help, Shift-Dir - straight line, f/p - wyvern zombie
Aim: a wyvern zombie You shoot a bolt.
The bolt hits the wyvern zombie but does no damage.
The wyvern zombie bites you! The wyvern zombie closely misses you.
Firing (i - inventory. (,) - cycle):
b - 31 bolts (quivered)
Press: ? - help, Shift-Dir - straight line, f/p - wyvern zombie
Aim: a wyvern zombie You shoot a bolt.
The bolt hits the wyvern zombie!
The wyvern zombie bites you. The wyvern zombie bites you.
The wyvern zombie bites you but does no damage.
The wyvern zombie bites you.
* * * LOW HITPOINT WARNING * * *
The wyvern zombie bites you.
* * * LOW HITPOINT WARNING * * *
The wyvern zombie bites you!
You die...

..................#########
...##.....#######.#.#.#.#.###
.....+....# #...........#
...###....# ###.##+##.#.#
.....<#.#.# #..#...#...#
...####.#'#########.+...'.#.#
....................#...#...#
########..........#.##'##.#.#
................@Z..........#
###################.#.#.#.###
......(..........#####.#
#################### #.#
#.......).# #.# #.#######.#
#.# #.#....<#.# #.#
#.#.......# .# #.#########


You could see a wyvern zombie.

Vanquished Creatures
  Grinder (D:3)
  A sky beast (D:5)
  A hound (D:5)
  2 orc wizards
  2 centaur skeletons (D:4)
  3 orc priests (D:5)
  4 worker ants
  3 hound skeletons (D:5)
  4 adders
  A gnoll (D:1)
  3 oozes
  An adder zombie (Ossuary)
  3 worms
  2 giant geckos
  10 orcs
  8 bats
  3 gnoll zombies (Ossuary)
  12 goblins
  5 hobgoblins
  4 jackals (D:3)
  11 kobolds
  2 quokkas
  2 giant cockroaches
  A giant gecko skeleton (D:4)
  A giant gecko zombie (D:5)
  2 giant newts (D:2)
  A hobgoblin zombie (Ossuary)
  A kobold zombie (Ossuary)
  2 orc zombies (Ossuary)
  A quokka skeleton (D:5)
  10 rats
  A fungus (D:4)
108 creatures vanquished.

Notes
Turn   | Place    | Note
--------------------------------------------------------------
     0 | D:1      | wvc the Mummy Wanderer began the quest for the Orb.
     0 | D:1      | wvc set off with: a +2 hand crossbow, 25 bolts, 2 scrolls of teleportation, a +0 robe
     0 | D:1      | Reached XP level 1. HP: 21/21 MP: 1/1
    59 | D:1      | Reached skill level 1 in Dodging
   109 | D:1      | Reached XP level 2. HP: 27/27 MP: 2/2
   549 | D:2      | Reached XP level 3. HP: 31/33 MP: 3/3
   657 | D:2      | Reached skill level 1 in Armour
  1183 | D:3      | Reached XP level 4. HP: 31/39 MP: 4/4
  1279 | D:3      | Noticed Grinder
  1287 | D:3      | Killed Grinder
  1287 | D:3      | Reached XP level 5. HP: 36/44 MP: 5/5
  1287 | D:3      | Reached XP level 6. HP: 41/51 MP: 6/6
  1462 | D:3      | Found an ancient bone altar of Kikubaaqudgha.
  2007 | D:4      | Found a sand-covered staircase.
  2012 | Ossuary  | Entered an ossuary
  2139 | Ossuary  | Noticed PeterLawrence's ghost (experienced GrFi)
  2508 | D:4      | Found Capleg's Food Boutique.
  2600 | D:4      | Reached skill level 5 in Armour
  2903 | D:5      | Entered Level 5 of the Dungeon
  3003 | D:5      | Reached XP level 7. HP: 20/56 MP: 7/7
  3779 | D:5      | Slain by a wyvern zombie

Vault maps used:
D:1:      tarquinn_simple_flora_water_d
D:3:      nicolae_overflow_hidden_temple, first_bread, uniq_grinder
D:4:      serial_shops, kennysheep_mini_moat, enter_ossuary_2,
          minmay_gold_behind_fungi, serial_bayou_pond_c
D:5:      minmay_misc_feat_doors, nrook_mini_vaults
Ossuary:  ossuary_tomb_2

Action                   |  1- 3 |  4- 6 |  7- 9 || total
-------------------------+-------+-------+-------++-------
Melee: Dagger            |   101 |   170 |   130 ||   401
 Fire: Hand crossbow     |    11 |    43 |     8 ||    62
  Use: Scroll            |       |     8 |       ||     8
